 Dungeon Crawl Stone Soup version 0.22.0 (webtiles) character file.

32 BigChef the Skirmisher (level 3, -4/29 HPs)
             Began as a Demonspawn Chaos Knight on Aug 20, 2018.
             Slain by a scorpion (6 damage)
             ... on level 1 of the Dungeon.
             The game lasted 00:02:44 (975 turns).

BigChef the Skirmisher (Demonspawn Chaos Knight)     Turns: 975, Time: 00:02:45

Health: -4/29      AC:  5    Str: 13    XL:     3   Next: 10%
Magic:  3/3        EV: 11    Int: 13    God:    Xom [...*..]
Gold:   39         SH:  0    Dex: 14    Spells: 2/2 levels left

rFire    . . .     SeeInvis .   a - +0 spear (chaos)
rCold    . . .     Gourm    .   (no shield)
rNeg     + . .     Faith    .   b - +2 leather armour
rPois    .         Spirit   .   (no helmet)
rElec    .         Reflect  .   (no cloak)
rCorr    .         Harm     .   (no gloves)
MR       .....                  (no boots)
Stlth    ++........             (no amulet)
HPRegen  0.09/turn              d - ring of positive energy
MPRegen  0.08/turn              (no ring)

@: lethally poisoned (-4 -> -10), hasted, very quick
A: thin skeletal structure 1, demonic guardian 1
a: Renounce Religion


You were on level 1 of the Dungeon.
You worshipped Xom.
You were a favourite toy of Xom.
You were not hungry.

You visited 1 branch of the dungeon, and saw 2 of its levels.

You collected 39 gold pieces.

Inventory:

Hand Weapons
 a - a +0 spear of chaos (weapon)
Armour
 b - a +2 leather armour (worn)
Jewellery
 d - a ring of positive energy (left hand)
Scrolls
 h - 2 scrolls of enchant armour
Potions
 k - a potion of berserk rage {unknown}
Comestibles
 c - 7 rations
 f - 3 chunks of flesh


   Skills:
 + Level 3.4 Fighting
 + Level 3.3 Polearms
 + Level 1.8 Armour
 + Level 1.0 Dodging
 + Level 0.1 Stealth


You had 2 spell levels left.
You didn't know any spells.
Your spell library was empty.

Dungeon Overview and Level Annotations

Branches:
Dungeon (2/15)

Altars:


Innate Abilities, Weirdness & Mutations

You have a somewhat thin skeletal structure. (Dex +2, Stealth)
A weak demonic guardian rushes to your aid.


Message History

Lightning courses through the giant cockroach!
You kill the giant cockroach!
You closely miss something. You hit something but do no damage.
Nothing appears to happen.
Something stings you! Something stings you.
You are poisoned.
Something poisons you!
You hit something.
Space bends around something.
You feel sick.
Something stings you but does no damage.
You closely miss something.
You feel sick. Something completely misses you. Something stings you.
Something completely misses you.
You feel sick. Something stings you.
* * * LOW HITPOINT WARNING * * *
You feel better. Something stings you.
You feel yourself speed up. Something stings you!
* * * LOW HITPOINT WARNING * * *
You are lethally poisoned!
Something poisons you! Something stings you.
You die...

######## #.......
#.####.#
#########.# #.#
#...#.....####.#
#>#.#.###.##....
####†#.#.###......#
#.@.(#....##.##...#
#.#######(.........
#....#....##.###...
####.#.#.....# ####
#.#.##....######
#.............).
##.#.##....#####
#÷.###.........
#..##......###.


There were no monsters in sight!

Vanquished Creatures
  An ooze (D:2)
  A dart slug (D:1)
  A leopard gecko (D:1)
  2 giant cockroaches (D:1)
  A goblin (D:1)
  2 hobgoblins (D:1)
  6 jackals (D:1)
  A quokka (D:1)
  3 bats (D:1)
  A frilled lizard (D:1)
  2 kobolds (D:1)
  2 rats (D:1)
23 creatures vanquished.

Vanquished Creatures (others)
  An adder (D:1)
  A leopard gecko (D:1)
  A bat (D:1)
3 creatures vanquished.

Grand Total: 26 creatures vanquished

Notes
Turn   | Place    | Note
-------+----------+-------------------------------------------
     0 | D:1      | BigChef the Demonspawn Chaos Knight began the quest for the Orb.
     0 | D:1      | Reached XP level 1. HP: 18/18 MP: 1/1
   126 | D:1      | XOM: harmless Summ miscast
   148 | D:1      | XOM: silly message
   156 | D:1      | Gained mutation: You have a somewhat thin skeletal structure. (Dex +2, Stealth) [demonic ancestry]
   156 | D:1      | Reached XP level 2. HP: 17/24 MP: 2/2
   222 | D:1      | Reached skill level 1 in Dodging
   386 | D:1      | XOM: harmless Erth miscast
   467 | D:1      | XOM: harmless Tloc miscast
   672 | D:2      | XOM: harmless Tmut miscast
   690 | D:2      | XOM: confusion
   691 | D:2      | XOM: harmless Tmut miscast
   695 | D:1      | XOM: harmless Ice miscast
   696 | D:1      | XOM: divine lightning
   862 | D:2      | Noticed a scorpion
   864 | D:2      | XOM: enchant monster (bad)
   915 | D:1      | Gained mutation: A weak demonic guardian rushes to your aid. [demonic ancestry]
   915 | D:1      | Reached XP level 3. HP: 29/29 MP: 3/3
   954 | D:2      | XOM: enchant monster (bad)
   975 | D:1      | Slain by a scorpion

Skill      XL: |  1  2 |
---------------+-------+-----
Polearms       | 3 |  3.3
Dodging        | 1 |  1.0
Fighting       | |  3.4
Armour         | |  1.8
Stealth        | |  0.1

Action                   || total
-------------------------++-------
Melee: Spear             ||    83
  Use: Scroll            ||     3
       Potion            ||     4
 Stab: Sleeping          ||     1
       Confused          ||     1
Armor: Leather armour    ||    47
Dodge: Dodged            ||    96
